 Dungeon Crawl Stone Soup version 0.31.0-12-g77e489cdc1 (webtiles) character file.

Game seed: 11968031436468800909

25629 DildoBatman the Geomancer (level 13, -1/67 (96) HPs)
             Began as a Formicid Conjurer on Feb 28, 2024.
             Was an Initiate of Gozag.
             Slain by a blink frog (9 damage)
             ... on level 2 of the Lair of Beasts.
             The game lasted 00:55:02 (14837 turns).

DildoBatman the Geomancer (Formicid Conjurer)      Turns: 14837, Time: 00:55:03

HP:   -1/67 (96)    AC:  9    Str:  9      XL:     13   Next: 52%
MP:   14/41         EV: 10    Int: 23 (26) God:    Gozag
Gold: 1810          SH:  9    Dex:  5 (7)  Spells: 6/26 levels left

rFire   . . .        b - +12 dagger of the Mosquito {flame, rPois Will+++ rCorr Str-3}
rCold   . . .        S - +0 kite shield
rNeg    . . .        B - +0 steam dragon scales
rPois   +            (helmet unavailable)
rElec   .            C - +0 cloak
rCorr   +            y - +0 pair of gloves
SInv    +            (no boots)
Will    +++++        m - amulet of magic regeneration
Stlth   ++           u - ring "Wemy" {Wiz Will+++ MP+9 Int+3 Dex-5}
HPRegen 0.31/turn    j - ring of magical power
MPRegen 0.67/turn

%: wizardry (x1)
@: very heavily drained
A: permanent stasis, dig shafts and tunnels, antennae 3, four strong arms
a: Dig, Shaft Self, Renounce Religion, Potion Petition, Call Merchant, Bribe
Branch


You were on level 2 of the Lair of Beasts.
You worshipped Gozag.
Gozag was most pleased with you.
You visited 3 branches of the dungeon, and saw 14 of its levels.
You also visited: Bailey.

You collected 2170 gold pieces.
You paid 360 gold pieces to Gozag.

Inventory:

Hand Weapons
 a - the +10 quarterstaff of the New World {freeze, Int+3}
   (You found it on level 9 of the Dungeon)

   Int+3:     It affects your intelligence (+3).
 b - the +12 dagger of the Mosquito (weapon) {flame, rPois Will+++ rCorr Str-3}
   (You found it on level 2 of the Lair of Beasts)

   Str-3:     It affects your strength (-3).
   rPois:     It protects you from poison Will+++: It greatly increases your
   willpower.
   rCorr:     It protects you from acid and corrosion.
 c - a +0 longbow
 d - a +1 long sword of flaming
 e - the +5 Force Lance {heavy, knockback}
   (You found it on level 2 of the Dungeon)
Missiles
 k - 8 atropa-tipped darts
 n - 62 poisoned darts
 r - 2 darts of dispersal
 x - 6 curare-tipped darts
Armour
 t - a scarf of resistance
 y - a +0 pair of gloves (worn)
 B - +0 steam dragon scales (worn)
 C - a +0 cloak (worn)
 S - a +0 kite shield (worn)
Magical Staves
 N - a staff of alchemy
Jewellery
 j - a ring of magical power (right hand)
 m - an amulet of magic regeneration (around neck)
 u - the ring "Wemy" (left hand) {Wiz Will+++ MP+9 Int+3 Dex-5}
   (You found it on level 4 of the Dungeon)

   [ring of wizardry]

   Wiz:       It improves your spell success rate.
   Int+3:     It affects your intelligence (+3).
   Dex-5:     It affects your dexterity (-5).
   Will+++:   It greatly increases your willpower.
   MP+9:      It affects your magic capacity (+9).
 z - a ring of protection from cold
 H - a +4 ring of slaying
 K - a ring of willpower
 M - a ring of ice
 R - the ring "Nihuyt" {Fire Will+}
   (You found it on level 10 of the Dungeon)

   [ring of fire]

   Fire:      It enhances your fire magic.
   rF+:       It protects you from fire.
   rC-:       It makes you vulnerable to cold.
   Will+:     It increases your willpower.
Wands
 A - a wand of roots (9)
 G - a wand of flame (17)
 L - a wand of paralysis (3)
Scrolls
 f - 3 scrolls of butterflies {unknown}
 g - 2 scrolls of identify
 h - 2 scrolls of fog
 i - 3 scrolls of silence {unknown}
 o - 3 scrolls of immolation {unknown}
 p - 2 scrolls of brand weapon {unknown}
 w - 2 scrolls of vulnerability {unknown}
 E - 3 scrolls of enchant weapon {unknown}
 I - 5 scrolls of amnesia {unknown}
 P - a scroll of enchant armour {unknown}
Potions
 l - 14 potions of curing
 q - 3 potions of degeneration {unknown}
 s - 4 potions of heal wounds
 v - a potion of lignification {unknown}
 D - a potion of ambrosia {unknown}
 F - 2 potions of invisibility {unknown}
 J - 4 potions of attraction {unknown}
 O - 2 potions of enlightenment {unknown}
 Q - 3 potions of magic
 T - 2 potions of berserk rage {unknown}
 U - 2 potions of brilliance {unknown}


   Skills:
 - Level 7.0 Fighting
 - Level 7.0 Armour
 - Level 5.0 Dodging
 - Level 4.0 Stealth
 * Level 10.4 Shields
 - Level 7.0 Spellcasting
 - Level 6.0 Conjurations
 * Level 11.8 Necromancy
 - Level 12.0 Earth Magic


You had 6 spell levels left.
You knew the following spells:

 Your Spells              Type           Power      Damage    Failure   Level
a - Borgnjor's Vile Clut  Necr/Erth      29%        N/A       1%          5
b - Stone Arrow           Conj/Erth      98%        3d13      1%          3
c - Searing Ray           Conj           70%        2d7       1%          2
d - Vampiric Draining     Necr           58%        2d10      1%          3
e - Cigotuvi's Dreadful   Necr/Alch/Air  52%        N/A       2%          2
g - Magic Dart            Conj           100%       1d8       1%          1
h - Dispel Undead         Necr           58%        3d21      1%          4

Your spell library contained the following spells:

 Spells                   Type           Power      Damage    Failure   Level
 Necrotise                Necr           100%       1d9       1%          1
 Sandblast                Erth           100%       2d20      1%          1
 Passwall                 Erth           58%        N/A       1%          3
 Brom's Barrelling Bould  Conj/Erth      49%        2d7       2%          4
 Momentum Strike          Conj/Tloc      42%        3d9       4%          2
 Hailstorm                Conj/Ice       21%        3d7       9%          3
 Anguish                  Hex/Necr       17%        N/A       9%          4
 Martyr's Knell           Necr/Summ      35%        N/A       9%          4
 Apportation              Tloc           16%        N/A       10%         1
 Jinxbite                 Hex            16%        N/A       14%         2
 Lesser Beckoning         Tloc           16%        N/A       14%         2
 Summon Ice Beast         Ice/Summ       8%         N/A       26%         3
 Fulminant Prism          Conj/Alch      10%        3d8       26%         4
 Iskenderun's Mystic Bla  Conj/Tloc      21%        2d6       26%         4
 Alistair's Intoxication  Alch           5%         N/A       92%         5
 Sculpt Simulacrum        Ice/Alch       4%         N/A       100%        6
 Animate Dead             Necr           Unusable   N/A       N/A         4
 Blink                    Tloc           Unusable   N/A       N/A         2

Dungeon Overview and Level Annotations

Branches:
Dungeon (11/15)            Temple (1/1) D:5            Lair (2/5) D:11
    Orc (0/2) D:11         Bailey (visited)
  Swamp: Lair:2-3    Shoals: Lair:2-3     Snake: Lair:2-3    Spider: Lair:2-3

Altars:
Ashenzari
Cheibriados
Dithmenos
Elyvilon
Fedhas
Gozag
Hepliaklqana
Kikubaaqudgha
Makhleb
Nemelex Xobeh
Okawaru
Qazlal
Ru
Sif Muna
Trog
Uskayaw
Vehumet
Wu Jian
Xom
Yredelemnul
Zin
The Shining One


Innate Abilities, Weirdness & Mutations

You cannot be hasted, slowed, berserked, paralysed or teleported.
You can dig through walls and to a lower floor.
You have a pair of large antennae on your head. (SInv)
Your four strong arms can wield two-handed weapons with a shield.


Message History

The blink frog simulacrum vaporises!
The blink frog croaks.
The blink frog blinks!
Casting: Dispel Undead (dangerous; 1% risk of failure)
Confirm with . or Enter, or press ? or * to list all spells.
Aiming: Borgnjor's Vile Clutch (dangerous; 1% risk of failure)
Press: ? - help, Shift-Dir - straight line, f - blink frog
Aim: a blink frog (100% to hit)
Zombie hands grab the blink frog.
The zombie hands constrict the blink frog.
The blink frog struggles to escape constriction.
The blink frog blinks!
The blink frog struggles to escape constriction.
The zombie hands constrict the blink frog!
The blink frog struggles to escape constriction.
Casting: Borgnjor's Vile Clutch (dangerous; 1% risk of failure)
Confirm with . or Enter, or press ? or * to list all spells.
Aiming: Borgnjor's Vile Clutch (dangerous; 1% risk of failure)
Press: ? - help, Shift-Dir - straight line, f/p - blink frog
Aim: a blink frog (heavily wounded, constricted by zombie hands, 100% to hit)
Zombie hands grab the blink frog.
The blink frog is unaffected.
The zombie hands constrict the blink frog!
The zombie hands constrict the blink frog.
The blink frog hits you!
The blink frog struggles to blink free from constriction.
The blink frog escapes!
You puncture the blink frog! You burn the blink frog.
The blink frog is heavily wounded.
The zombie hands constrict the blink frog.
The zombie hands lose their grip on something.
The blink frog hits you!
The blink frog blinks!
Casting: Borgnjor's Vile Clutch (dangerous; 1% risk of failure)
Confirm with . or Enter, or press ? or * to list all spells.
You can't see any susceptible monsters within range! (Use Z to cast anyway.)
The blink frog hits you!
You die...
Your body crumbles into a pile of gold.

................
.....#..................
#.......................
....#......F................
.#..........$................
.............................
..8...#......................
.............>...............
.#..#......F@##..............
.........F..#.#.##P..........
..##......##### ##..........
...........# #...........
..........#### #...........
.........#...#####...........
F.......~......##............
......~.~..<.................
.F.....≈~~~≈~~~#...........#.


You could see 3 blink frogs.

Vanquished Creatures
  2 catoblepae (Lair:1)
  A boulder beetle (D:11)
  3 two-headed ogres
  Pikel (D:8)
  An elephant (D:11)
  6 cane toads
  A black mamba (Lair:1)
  A gargoyle (D:11)
  A torpor snail (Lair:1)
  A kobold demonologist (D:9)
  2 rime drakes (Lair:1)
  Maggie (D:6)
  An unseen horror (D:11)
  A catoblepas zombie (Lair:1)
  The ghost of tezkier the Magician, a novice DjFE (D:5)
  5 komodo dragons
  A troll (D:10)
  A hornet (D:11)
  13 blink frogs
  Prince Ribbit (D:6)
  4 slime creatures
  4 shadows
  2 wyverns
  27 yaks
  A basilisk (Lair:1)
  Edmund (D:5)
  6 water moccasins
  4 ice beasts
  2 black bears
  3 blink frog zombies
  4 orc warriors
  An ogre (D:5)
  2 sky beasts
  3 centaurs
  A torpor snail zombie (Lair:1)
  3 phantoms
  11 kobold brigands
  Blork the orc (D:6)
  2 gnoll sergeants (D:10)
  9 bullfrogs
  A komodo dragon zombie (Lair:1)
  A wyvern zombie (D:5)
  9 wights (D:8)
  3 scorpions
  A water moccasin zombie (Lair:2)
  6 killer bees (D:9)
  2 yak zombies
  An electric eel (Lair:2)
  2 bombardier beetles
  7 hounds
  2 jellies
  4 orc priests
  Crazy Yiuf (D:5)
  A bullfrog skeleton (D:5)
  2 gnoll boudas (D:8)
  5 iguanas
  4 sleepcaps
  Ijyb (D:3)
  Natasha (thrice) (D:4)
  6 orc wizards
  3 killer bee zombies (D:9)
  18 gnolls
  17 adders
  A shadow imp (D:7)
  A white imp (D:6)
  2 orc zombies
  2 dart slugs
  3 ribbon worms
  22 orcs
  2 ball pythons (D:1)
  10 endoplasms
  A giant cockroach (D:1)
  10 goblins
  8 hobgoblins
  4 jackals (D:3)
  A quokka (D:3)
  7 bats
  3 frilled lizards
  44 kobolds
  2 kobold zombies
359 creatures vanquished.

Notes
Turn   | Place    | Note
-------+----------+-------------------------------------------
     0 | D:1      | DildoBatman the Formicid Conjurer began the quest for the
                  | Orb.
     0 | D:1      | Reached XP level 1. HP: 13/13 MP: 3/3
   184 | D:1      | Reached XP level 2. HP: 20/20 MP: 0/5
   187 | D:1      | Learned a level 2 spell: Searing Ray
   553 | D:1      | Reached XP level 3. HP: 25/25 MP: 3/6
   610 | D:1      | Reached skill level 1 in Armour
   805 | D:2      | Reached skill level 1 in Fighting
   886 | D:2      | Reached XP level 4. HP: 30/32 MP: 0/7
  1085 | D:2      | Learned a level 3 spell: Stone Arrow
  1246 | D:2      | Found the +5 Force Lance {heavy, knockback}
  1552 | D:3      | Reached XP level 5. HP: 36/37 MP: 9/9
  1791 | D:3      | Noticed Ijyb
  2303 | D:3      | Found a shimmering blue altar of Sif Muna.
  2620 | D:4      | Reached XP level 6. HP: 44/44 MP: 4/10
  2738 | D:4      | Noticed Natasha
  2768 | D:4      | Identified the ring "Wemy" {Wiz Will+++ MP+9 Int+3 Dex-5}
  3530 | D:5      | Entered Level 5 of the Dungeon
  3530 | D:5      | Found a bloodstained altar of Trog.
  3595 | D:5      | Found a runed translucent gate.
  3595 | D:5      | Found a runed translucent gate.
  3595 | D:5      | Found a runed translucent gate.
  3596 | D:5      | Noticed tezkier's ghost (novice DjFE)
  3613 | D:5      | Noticed an ogre
  3700 | D:5      | Reached XP level 7. HP: 47/51 MP: 7/12
  3738 | D:5      | Found a staircase to the Ecumenical Temple.
  3738 | D:5      | Noticed Edmund
  4402 | Temple   | Entered the Ecumenical Temple
  4420 | Temple   | Became a worshipper of Kikubaaqudgha
  4462 | D:5      | Reached skill level 5 in Conjurations
  4462 | D:5      | Reached XP level 8. HP: 34/60 MP: 6/14
  4858 | D:3      | Killed Ijyb
  4884 | D:4      | Killed Natasha
  4976 | D:4      | Noticed Natasha
  4981 | D:4      | Killed Natasha
  5104 | D:4      | Noticed Natasha
  5109 | D:4      | Killed Natasha
  5273 | D:5      | Found a runed translucent door.
  5274 | D:5      | Noticed Crazy Yiuf
  5427 | D:5      | Reached * piety under Kikubaaqudgha
  5427 | D:5      | Received a gift from Kikubaaqudgha
  5432 | D:5      | Learned a level 3 spell: Vampiric Draining
  5435 | D:5      | Learned a level 2 spell: Cigotuvi's Dreadful Rot
  5450 | D:5      | Reached skill level 5 in Spellcasting
  5733 | D:6      | Noticed Prince Ribbit
  5738 | D:6      | Killed Prince Ribbit
  5739 | D:6      | Reached skill level 5 in Fighting
  5739 | D:6      | Reached skill level 5 in Armour
  5752 | D:6      | Reached XP level 9. HP: 19/68 MP: 9/17
  5915 | D:6      | Found a blossoming altar of Fedhas.
  5956 | D:6      | Noticed Blork the orc
  5963 | D:6      | Killed Blork the orc
  5964 | D:6      | Reached skill level 1 in Earth Magic
  6044 | D:6      | Found a sparkling altar of Nemelex Xobeh.
  6239 | D:6      | Reached skill level 3 in Earth Magic
  6245 | D:6      | Reached skill level 4 in Earth Magic
  6427 | D:6      | Reached skill level 5 in Earth Magic
  6430 | D:6      | Noticed Maggie
  6492 | D:6      | Killed Maggie
  6493 | D:6      | Reached skill level 6 in Earth Magic
  6695 | D:6      | Reached ** piety under Kikubaaqudgha
  7108 | D:6      | Reached skill level 7 in Earth Magic
  7279 | D:5      | Killed Edmund
  7280 | D:5      | Reached XP level 10. HP: 74/74 MP: 20/20
  7316 | D:5      | Killed Crazy Yiuf
  7404 | D:7      | Reached skill level 8 in Earth Magic
  7700 | D:7      | Found a flagged portal.
  7721 | Bailey   | Entered a bailey
  8373 | Bailey   | Found an iron altar of Okawaru.
  8419 | D:7      | Reached *** piety under Kikubaaqudgha
  8419 | D:7      | Received a gift from Kikubaaqudgha
  8425 | D:7      | Learned a level 4 spell: Dispel Undead
  8433 | D:7      | Learned a level 5 spell: Borgnjor's Vile Clutch
  9089 | D:8      | Reached skill level 1 in Necromancy
  9161 | D:8      | Reached skill level 5 in Dodging
  9198 | D:8      | Reached XP level 11. HP: 80/84 MP: 16/21
  9200 | D:8      | Fell from the grace of Kikubaaqudgha
  9298 | Temple   | Became a worshipper of Gozag Ym Sagoz the Greedy
  9348 | D:5      | Killed tezkier's ghost
  9574 | D:8      | Found a glowing silver altar of Zin.
  9574 | D:8      | Found a white marble altar of Elyvilon.
  9574 | D:8      | Found a glowing golden altar of the Shining One.
  9629 | D:8      | Noticed Pikel
  9640 | D:8      | Killed Pikel
  9641 | D:8      | Reached skill level 5 in Necromancy
 10116 | D:8      | Found a sacrificial altar of Ru.
 10506 | D:9      | Found a radiant altar of Vehumet.
 10649 | D:9      | Identified the +10 quarterstaff of the New World {freeze,
                  | Int+3}
 10797 | D:9      | Noticed a two-headed ogre
 10825 | D:9      | Killed a two-headed ogre
 10932 | D:9      | Noticed a sixfirhy
 11442 | D:10     | Entered Level 10 of the Dungeon
 11492 | D:10     | Identified the ring "Nihuyt" {Fire Will+}
 11510 | D:10     | Found an ornate altar of the Wu Jian Council.
 11522 | D:10     | Found a hazy altar of Hepliaklqana.
 11579 | D:10     | Reached skill level 9 in Earth Magic
 11854 | D:10     | Reached skill level 1 in Shields
 11883 | D:10     | Reached XP level 12. HP: 72/82 MP: 22/22
 12047 | D:11     | Found a staircase to the Orcish Mines.
 12489 | D:10     | Reached skill level 10 in Earth Magic
 12529 | D:11     | Noticed a two-headed ogre
 12530 | D:11     | Noticed a two-headed ogre
 12541 | D:11     | Killed a two-headed ogre
 12549 | D:11     | Killed a two-headed ogre
 12550 | D:11     | Reached skill level 5 in Shields
 12600 | D:11     | Found a gate leading to a gauntlet.
 12646 | D:11     | Noticed a boulder beetle
 12656 | D:11     | Killed a boulder beetle
 12936 | D:11     | Found a staircase to the Lair.
 12940 | D:11     | Reached skill level 10 in Necromancy
 13017 | Lair:1   | Entered Level 1 of the Lair of Beasts
 13251 | Lair:1   | Reached skill level 11 in Earth Magic
 13572 | Lair:1   | Noticed a catoblepas
 13591 | Lair:1   | Killed a catoblepas
 13592 | Lair:1   | Reached XP level 13. HP: 63/94 MP: 17/23
 13817 | Lair:1   | Noticed a catoblepas
 13896 | Lair:1   | Killed a catoblepas
 13897 | Lair:1   | Reached skill level 12 in Earth Magic
 13898 | Lair:1   | HP: 3/96 [catoblepas zombie (10)]
 14702 | Lair:2   | Reached skill level 10 in Shields
 14706 | Lair:2   | Identified the +12 dagger of the Mosquito {flame, rPois
                  | Will+++ rCorr Str-3}
 14837 | Lair:2   | Slain by a blink frog

Illustrated notes

Levels and vault maps discovered:
D:1:      wander_arrival_estate, layout_loops_ring
D:2:      layout_basic, serial_rivers, chequers_serial_rivers_large_a,
          chequers_serial_rivers_marsh, chequers_serial_rivers_marsh,
          chequers_serial_rivers_room_a, chequers_serial_rivers_micro_d
D:3:      layout_loops_corners, mainiacjoe_overflow_six_doors_small, uniq_ijyb
D:4:      layout_cave_pods, kennysheep_orc_chapel, uniq_natasha
D:5:      layout_rooms, bloody_trog, temple_fountains,
          gammafunk_ghost_necromancy, nicolae_half_adder,
          uniq_crazy_yiuf_cottage, uniq_edmund
D:6:      minmay_chambers_of_threes, layout_basic,
          fedhas_bush_and_centaur_altar, nemelex_spade_bored_becter,
          uniq_blork_the_orc, uniq_prince_ribbit1, uniq_maggie
D:7:      layout_loops_corners, enter_bailey_2
D:8:      layout_loops_ring, good_gods_mini_temple, lemuel_tele_altar,
          dreamdust_gnoll_shepherd, uniq_pikel
D:9:      layout_grid_maze, nicolae_vehumet_radiance
D:10:     layout_rooms, mainiacjoe_overflow_big_doors
D:11:     layout_cave_pools, grunt_lair_entry_orc_guard_hut, orc_0_dummy,
          gauntlet_entry_generic
Temple:   bh_familiar_temple
Lair:1:   statuecave_lemuel, layout_regular_city, bh_autumn_forest_stairs
Lair:2:   layout_cave_shapes, nicolae_spider_entry_lesser_pyramids,
          grunt_megastairs_1, infiniplex_staircase_pool

Skill      XL: |  1  2  3  4  5  6  7  8  9 10 11 12 13 |
---------------+----------------------------------------+-----
Dodging        | 2 3 5 |  5.0
Armour         | 1 2 3 5 7 |  7.0
Fighting       | 1 2 3 5 7 |  7.0
Stealth        | 3 4 |  4.0
Conjurations   | 4 5 6 |  6.0
Spellcasting   | 3 4 5 7 |  7.0
Earth Magic    | 7 8 9 11 12 | 12.0
Necromancy     | 3 8 10 11 | 11.8
Shields        | 1 7 10 | 10.4

Action                     |  1- 3 |  4- 6 |  7- 9 | 10-12 | 13-15 || total
---------------------------+-------+-------+-------+-------+-------++-------
  Melee: Whip              |    18 |       |       |       |       ||    18
         Unarmed           |    11 |       |       |       |       ||    11
         Punch             |     1 |       |       |     1 |       ||     2
         Dagger            |     4 |       |       |       |    12 ||    16
         Lance             |       |    33 |    25 |    20 |       ||    78
         Quarterstaff      |       |       |       |    76 |    17 ||    93
   Cast: Magic Dart        |    53 |    44 |    43 |    20 |       ||   160
         Searing Ray       |     2 |    14 |    52 |    24 |       ||    92
         Stone Arrow       |       |       |    21 |   155 |    36 ||   212
         Borgnjor's Vile C |       |       |       |    47 |    43 ||    90
         Dispel Undead     |       |       |       |    31 |    17 ||    48
         Vampiric Draining |       |       |       |    33 |     6 ||    39
 Invoke: Renounce Religion |       |       |       |     1 |       ||     1
Ability: Dig               |       |       |       |     2 |     1 ||     3
    Use: Potion            |       |       |     1 |     1 |       ||     2
         Scroll            |       |       |       |     4 |       ||     4
   Stab: Sleeping          |     1 |     2 |       |       |       ||     3
         Distracted        |       |     1 |       |     1 |     1 ||     3
         Petrified         |       |       |       |       |     1 ||     1
 Armour: Robe              |    30 |    33 |    59 |       |       ||   122
         Steam dragon scal |       |       |     9 |   197 |    49 ||   255
  Dodge: Dodged            |    35 |    41 |    64 |   151 |    14 ||   305
  Block: Kite shield       |       |       |       |     7 |    24 ||    31
         Buckler           |       |       |       |     7 |       ||     7
